 Dungeon Crawl Stone Soup version 0.23-a0-183-gf37f6fb (webtiles) character file.

333571 namelastname112 the Unseen (level 20, -3/277 HPs)
             Began as a Red Draconian Assassin on Sept 22, 2018.
             Was a Follower of Dithmenos.
             Slain by a vampire knight
             ... wielding a +0 battleaxe
              (14 damage)
             ... on level 2 of the Vaults.
             The game lasted 02:15:15 (72627 turns).

namelastname112 the Unseen (DrAs)                  Turns: 72627, Time: 02:15:16

Health: -3/277     AC: 16    Str: 26    XL:     20   Next: 92%
Magic:  29/29      EV: 27    Int:  9    God:    Dithmenos [*.....]
Gold:   275        SH: 10    Dex: 23    Spells: 19/19 levels left

rFire    + + .     SeeInvis +   f - +10 dagger of Amorality {pierce, Str+4}
rCold    + + +     Gourm    +   e - +2 buckler
rNeg     . . .     Faith    .   (armour unavailable)
rPois    .         Spirit   .   W - +0 hat of Light {MP+9}
rElec    +         Reflect  .   J - +2 cloak of the Thief {+Fog Slay-2 SInv Stlth+}
rCorr    .         Harm     .   C - +0 pair of gloves
MR       ++...                  R - +1 pair of boots {Fly}
Stlth    ..........             F - amulet of the gourmand (curse)
HPRegen  0.56/turn              X - ring "Hohes" {rElec rF+ rC++ MR+ Int-5}
MPRegen  0.21/turn              c - ring "Ciohiff" {rElec rC+ Str+3 SInv}

@: berserking, short of breath, flying, wreathed by umbra, studying Shields,
very quick
A: breathe fire, unfitting armour, agile 1, clever 1, fire resistance 1, wild
magic 1, cold-blooded, AC +10
}: 2/15 runes: decaying, gossamer
a: Breathe Fire, Renounce Religion, Evoke Fog, Stop Flying


You were on level 2 of the Vaults.
You worshipped Dithmenos.
Dithmenos was aware of your devotion.
You were near starving.

You visited 8 branches of the dungeon, and saw 38 of its levels.
You also visited: Labyrinth, Ice Cave and Volcano.

You collected 18564 gold pieces.
You spent 2467 gold pieces at shops.
You paid 15822 gold pieces to Gozag.

Inventory:

Hand Weapons
 b - a +0 blowgun
 f - the +10 dagger of Amorality (weapon) {pierce, Str+4}
   (You bought it in a shop on level 2 of the Orcish Mines)

   It inflicts extra damage upon your enemies.
   It affects your strength (+4).
 z - the +12 Vampire's Tooth {vamp}
   (You bought it in a shop on level 1 of the Vaults)

   It inflicts no extra harm, but heals its wielder when it wounds a living foe.
Missiles
 d - 54 poisoned needles
 o - 4 needles of frenzy
 O - 5 needles of sleeping
 U - 13 curare-tipped needles
Armour
 e - a +2 buckler (worn)
 w - a +2 pair of boots of stealth
 C - a +0 pair of gloves (worn)
 J - the +2 cloak of the Thief (worn) {+Fog Slay-2 SInv Stlth+}
   (You bought it in a shop on level 2 of the Orcish Mines)

   It affects your accuracy and damage with ranged weapons and melee attacks
   (-2).
   It lets you see invisible.
   It makes you more stealthy.
 R - a +1 pair of boots of flying (worn)
 W - the +0 hat of Light (worn) {MP+9}
   (You found it on level 1 of the Elven Halls)

   It affects your magic capacity (+9).
Jewellery
 c - the ring "Ciohiff" (right hand) {rElec rC+ Str+3 SInv}
   (You took it off a deep elf mage on level 3 of the Elven Halls)

   [ring of see invisible]

   It affects your strength (+3).
   It protects you from cold.
   It insulates you from electricity.
   It lets you see invisible.
 j - an uncursed ring of protection from magic
 l - a +4 ring of dexterity
 F - a cursed amulet of the gourmand (around neck)
 S - an uncursed amulet of guardian spirit
 X - the ring "Hohes" (left hand) {rElec rF+ rC++ MR+ Int-5}
   (You found it on level 1 of the Elven Halls)

   [ring of protection from fire]

   It affects your intelligence (-5).
   It protects you from fire.
   It greatly protects you from cold.
   It insulates you from electricity.
   It affects your resistance to hostile enchantments.
Wands
 a - a wand of digging (17)
 i - a wand of polymorph (12)
 k - a wand of enslavement (47)
 u - a wand of acid (11)
 x - a wand of flame (90)
 y - a wand of paralysis (44)
 H - a wand of clouds (9)
 N - a wand of iceblast (16)
 T - a wand of scattershot (3)
Scrolls
 g - 29 scrolls of remove curse
 m - 5 scrolls of magic mapping
 D - 3 scrolls of enchant armour
 G - 11 scrolls of identify
 I - 13 scrolls of amnesia
 L - 6 scrolls of fog
 M - a scroll of blinking
 P - 3 scrolls of brand weapon
 Q - 3 scrolls of enchant weapon
 Z - 4 scrolls of fear
Potions
 h - 5 potions of ambrosia
 n - 6 potions of flight
 p - a potion of agility
 q - 4 potions of brilliance
 r - 5 potions of magic
 t - 2 potions of curing
 v - 2 potions of might
 A - 9 potions of cancellation
 E - a potion of mutation
 K - 7 potions of resistance
 V - 6 potions of haste
Books
 B - a manual of Shields


   Skills:
 + Level 17.6 Fighting
 + Level 17.5 Short Blades
 + Level 15.1 Throwing
 + Level 15.0 Dodging
 + Level 17.6 Stealth
 + Level 9.6 Shields
 * Level 0.0 Invocations


You had 19 spell levels left.
You didn't know any spells.
Your spell library contained the following spells:

 Spells                   Type           Power        Failure   Level  Hunger
 Animate Skeleton         Necr           N/A          47%         1    ##.....
 Apportation              Tloc           #.....       47%         1    ##.....
 Confusing Touch          Hex            #.....       47%         1    ##.....
 Flame Tongue             Conj/Fire      #....        47%         1    ##.....
 Freeze                   Ice            #...         47%         1    ##.....
 Infusion                 Chrm           #...         47%         1    ##.....
 Magic Dart               Conj           #...         47%         1    ##.....
 Pain                     Necr           #...         47%         1    ##.....
 Sandblast                Erth           #.....       47%         1    ##.....
 Shock                    Conj/Air       #...         47%         1    ##.....
 Sting                    Conj/Pois      #...         47%         1    ##.....
 Summon Small Mammal      Summ           #...         47%         1    ##.....
 Blink                    Tloc           N/A          61%         2    ###....
 Call Imp                 Summ           #.......     61%         2    ###....
 Corpse Rot               Necr           N/A          61%         2    ###....
 Ensorcelled Hibernation  Hex/Ice        #.....       61%         2    ###....
 Passwall                 Tmut/Erth      #.......     61%         2    ###....
 Poisonous Vapours        Pois/Air       #.....       61%         2    ###....
 Shroud of Golubria       Chrm/Tloc      #.........   61%         2    ###....
 Slow                     Hex            #.......     61%         2    ###....
 Song of Slaying          Chrm           #.......     61%         2    ###....
 Sublimation of Blood     Necr           #.........   61%         2    ###....
 Swiftness                Chrm/Air       #.......     61%         2    ###....
 Throw Flame              Conj/Fire      #.....       61%         2    ###....
 Throw Frost              Conj/Ice       #.....       61%         2    ###....
 Call Canine Familiar     Summ           #.......     83%         3    ####...
 Conjure Flame            Conj/Fire      #.......     83%         3    ####...
 Gell's Gravitas          Tloc           #.........   83%         3    ####...
 Ignite Poison            Fire/Tmut/Pois #.......     83%         3    ####...
 Inner Flame              Hex/Fire       #.......     83%         3    ####...
 Mephitic Cloud           Conj/Pois/Air  #.......     83%         3    ####...
 Ozocubu's Armour         Chrm/Ice       #.......     83%         3    ####...
 Portal Projectile        Hex/Tloc       #.....       83%         3    ####...
 Recall                   Summ/Tloc      N/A          83%         3    ####...
 Regeneration             Chrm/Necr      #.........   83%         3    ####...
 Spectral Weapon          Hex/Chrm       #.......     83%         3    ####...
 Static Discharge         Conj/Air       #.......     83%         3    ####...
 Stone Arrow              Conj/Erth      #.....       83%         3    ####...
 Vampiric Draining        Necr           #.........   83%         3    ####...
 Airstrike                Air            #.........   99%         4    #####..
 Animate Dead             Necr           N/A          99%         4    #####..
 Force Lance              Conj/Tloc      #.......     99%         4    #####..
 Fulminant Prism          Conj/Hex       #.........   99%         4    #####..
 Leda's Liquefaction      Hex/Erth       #.........   99%         4    #####..
 Olgreb's Toxic Radiance  Pois           #.......     99%         4    #####..
 Petrify                  Tmut/Erth      #.......     99%         4    #####..
 Sticky Flame             Conj/Fire      #.......     99%         4    #####..
 Summon Ice Beast         Ice/Summ       #.......     99%         4    #####..
 Summon Lightning Spire   Summ/Air       #.......     99%         4    #####..
 Throw Icicle             Conj/Ice       #.......     99%         4    #####..
 Agony                    Necr           #.......     100%        5    ######.
 Aura of Abjuration       Summ           #.........   100%        5    ######.
 Bolt of Draining         Conj/Necr      #.........   100%        5    ######.
 Bolt of Magma            Conj/Fire/Erth #.........   100%        5    ######.
 Dispel Undead            Necr           #.......     100%        5    ######.
 Excruciating Wounds      Chrm/Necr      #.........   100%        5    ######.
 Fireball                 Conj/Fire      #.........   100%        5    ######.
 Iskenderun's Battlesphe  Conj/Chrm      #.......     100%        5    ######.
 Lee's Rapid Deconstruct  Erth           #.........   100%        5    ######.
 Lightning Bolt           Conj/Air       #.........   100%        5    ######.
 Silence                  Hex/Air        #.........   100%        5    ######.
 Summon Forest            Summ/Tloc      #.........   100%        5    ######.
 Venom Bolt               Conj/Pois      #.........   100%        5    ######.
 Bolt of Cold             Conj/Ice       #.........   100%        6    #######
 Bolt of Fire             Conj/Fire      #.........   100%        6    #######
 Conjure Ball Lightning   Conj/Air       #.........   100%        6    #######
 Deflect Missiles         Chrm/Air       #.........   100%        6    #######
 Dispersal                Tloc           #.........   100%        6    #######
 Freezing Cloud           Conj/Ice/Air   #.........   100%        6    #######
 Iron Shot                Conj/Erth      #.........   100%        6    #######
 Simulacrum               Ice/Necr       #.........   100%        6    #######
 Statue Form              Tmut/Erth      #........    100%        6    #######
 Orb of Destruction       Conj           #.........   100%        7    #######
 Ring of Flames           Chrm/Fire      #.........   100%        7    #######
 Spellforged Servitor     Conj/Summ      #.........   100%        7    #######
 Controlled Blink         Tloc           N/A          100%        8    #######
 Disjunction              Tloc           #.........   100%        8    #######
 Ignition                 Fire           #.........   100%        8    #######
 Shatter                  Erth           #.........   100%        9    #######
 Tornado                  Air            #.........   100%        9    #######


Dungeon Overview and Level Annotations

Branches:
Dungeon (15/15)            Temple (1/1) D:4            Lair (6/6) D:9
  Swamp (4/4) Lair:3       Spider (4/4) Lair:4        Slime (0/5) Lair:6
    Orc (2/2) D:12            Elf (3/3) Orc:2        Vaults (3/5) D:13
  Crypt (0/3) Vaults:3     Depths (0/5) D:15

Altars:
Ashenzari
Cheibriados
Dithmenos
Elyvilon
Fedhas
Gozag
Hepliaklqana
Kikubaaqudgha
Nemelex Xobeh
Okawaru
Ru
Sif Muna
Trog
Vehumet
Xom
Yredelemnul
Zin
The Shining One
Beogh
Jiyva

Shops:
D:6 *!   D:14 *   D:15 }   Orc:2 [([((([!*}!   Elf:3 [   Spider:1 [
Spider:2 [   Vaults:1 (

Portals:
Trove: D:15 (show abyssal rune of Zot)

Annotations:
D:12 1 runed door, namelastname112's ghost, journeyman DrAs
Swamp:3 1 transporter, nht's ghost, adept MiHu
Elf:2 5 runed doors
Elf:3 2 exclusions
Vaults:2 Mara


Innate Abilities, Weirdness & Mutations

You can breathe blasts of fire.
Your fiery red scales are hard. (AC +10)
You cannot fit into any form of body armour.
Your flesh is heat resistant. (rF+)
You are cold-blooded and may be slowed by cold attacks.
You are agile. (Dex +2)
Your mind is acute. (Int +2)
Your spells are a little harder to cast, but a little more powerful.


Message History

* * * LOW HITPOINT WARNING * * *
The vampire knight closely misses you.
You take 36 damage, and have 11/277 hp.
You puncture the vampire knight!
The vampire knight is severely damaged.
You hit the vampire knight.
You tail-slap the vampire knight, but do no damage.
The vampire knight is severely damaged.
You hit the vampire knight but do no damage.
The vampire knight is severely damaged.
The vampire knight hits you with a battleaxe.
* * * LOW HITPOINT WARNING * * *
You block the vampire knight's attack.
You take 1 damage, and have 11/277 hp.
You hit the vampire knight.
The vampire knight is severely damaged.
You hit the vampire knight.
The vampire knight is almost destroyed.
The vampire knight hits you with a battleaxe!
You die...

#########
#.......#########
#.......##......#
#.......##......#
#.......##......#
#.......##......#
#.......##......# ####
####'#######....@.#
#..#
...........'....V.#
##..
...........##''####
##. ...........#...#
#### ##
.......[.[.'...###..#
#
...........#..###.}.#
(..........#.###...##
..<........#.##...##
...........#.#...#####


You could see a vampire knight (invisible).

Vanquished Creatures
  the Lernaean hydra (Swamp:4)
  The ghost of Tiewk the Spry, an adept SpEn of Kikubaaqudgha (Elf:1)
  2 deep elf blademasters (Elf:3)
  A deep elf master archer (Elf:3)
  Frances (Orc:2)
  Kirke (Swamp:2)
  2 sphinxes
  2 thorn hunters (Swamp:4)
  A frost giant (Elf:1)
  A vault warden (Vaults:1)
  8 deep elf sorcerers
  5 ghost moths
  3 orc warlords
  7 emperor scorpions
  6 ironheart preservers
  3 deep elf elementalists (Elf:3)
  8 entropy weavers
  A stone giant (Vaults:2)
  2 very ugly things (IceCv)
  An entropy weaver (shapeshifter) (Vaults:2)
  4 deep elf demonologists (Elf:3)
  8 deep elf annihilators
  Azrael (Elf:1)
  2 spark wasps
  A minotaur (Lab)
  8 deep elf death magi
  A merfolk javelineer (Elf:1)
  An ettin (Orc:2)
  3 yaktaur captains
  6 ogre magi
  Josephine (D:10)
  A merfolk impaler (Elf:1)
  3 deep elf high priests (Elf:3)
  2 fire dragons
  A naga warrior (Elf:1)
  3 ice dragons
  3 great orbs of eyes (Vaults:1)
  8 centaur warriors
  Erolcha (D:10)
  24 hydras
  2 vault guards (Vaults:1)
  3 ghost crabs
  A queen ant (Lair:4)
  Erica (Lair:2)
  A death knight (D:13)
  13 two-headed ogres
  A tengu warrior (Elf:1)
  8 alligators
  4 death yaks (Lair:3)
  A deep troll shaman (Vaults:2)
  2 deep troll earth magi
  16 deep elf knights
  A shock serpent (shapeshifter) (Elf:1)
  4 orc high priests
  A skeletal warrior (D:13)
  2 unseen horrors
  A spriggan druid (Swamp:2)
  5 wizards
  6 ironbrand convokers
  3 deep trolls
  11 swamp dragons
  3 necromancers
  Pikel (D:4)
  A phantasmal warrior (D:13)
  19 deep elf archers
  A tengu zombie (Vaults:2)
  8 harpies
  12 orc knights
  23 ugly things
  39 wolf spiders
  59 deep elf magi
  A wolf spider (shapeshifter) (Elf:2)
  6 orc sorcerers
  2 oklob plants (Lair:3)
  14 orb spiders
  2 manticores
  3 cyclopes
  6 elephants (Lair:6)
  A moth of wrath (Spider:1)
  Maurice (Orc:1)
  6 ice statues
  A stone giant skeleton (Vaults:1)
  3 salamanders (Volcano)
  A guardian serpent (Lair:6)
  4 vault sentinels
  10 black mambas
  An eye of devastation (shapeshifter) (Elf:3)
  2 human zombies
  Joseph (D:7)
  A gargoyle (D:12)
  19 spiny frogs
  4 large abominations (Elf:1)
  A torpor snail (Lair:6)
  A minotaur zombie (Lab)
  6 komodo dragons
  4 rime drakes
  26 demonic crawlers
  11 yaktaurs
  3 kobold demonologists
  An efreet (D:15)
  3 freezing wraiths
  An anaconda simulacrum (IceCv)
  A yaktaur skeleton (Vaults:2)
  36 jumping spiders
  A golden dragon simulacrum (IceCv)
  A tengu conjurer (D:15)
  12 trolls
  10 tyrant leeches
  17 polar bears
  9 slime creatures
  24 hornets
  23 blink frogs
  A dream sheep (D:8)
  7 bog bodies
  A raiju (Lair:6)
  13 hippogriffs
  Grinder (D:3)
  A shadow (D:11)
  A centaur simulacrum (D:15)
  2 vampires
  19 wyverns
  44 yaks
  77 redbacks
  17 spriggans
  4 water elementals
  28 tarantellas
  10 fire bats (Volcano)
  6 air elementals
  6 wraiths
  2 dire elephant simulacra (IceCv)
  A human (Swamp:2)
  A basilisk (D:14)
  5 fire elementals
  3 hogs
  13 wargs
  3 steam dragons
  2 hungry ghosts
  6 vampire mosquitoes
  A redback simulacrum (D:13)
  An acid dragon (shapeshifter) (Elf:1)
  A warg (shapeshifter) (Elf:2)
  2 harpy simulacra (IceCv)
  2 iron troll simulacra (IceCv)
  24 soldier ants
  2 acid dragons
  14 swamp worms
  A hydra simulacrum (IceCv)
  18 hell hounds
  A floating eye (shapeshifter) (D:13)
  12 swamp drakes (Swamp:4)
  20 water moccasins
  5 porcupines
  8 ice beasts
  A black bear (shapeshifter) (Vaults:1)
  3 slaves
  43 orc warriors
  4 sky beasts
  17 black bears
  A necrophage (D:7)
  An orc zombie (Vaults:2)
  3 eyes of draining (D:12)
  A wolf (shapeshifter) (Vaults:1)
  13 ogres
  15 crocodiles
  31 wolves
  23 centaurs
  4 big kobolds
  An elf zombie (Elf:1)
  2 earth elementals
  27 bullfrogs
  10 scorpions
  A water moccasin skeleton (D:10)
  2 human simulacra
  58 killer bees
  7 wights
  3 electric eels
  A howler monkey (D:10)
  12 crimson imps
  A bullfrog zombie (D:13)
  3 centaur zombies
  12 jellies
  A quasit (D:6)
  A bullfrog skeleton (D:12)
  27 orc priests
  6 hounds
  32 orc wizards
  5 centaur skeletons
  Crazy Yiuf (D:2)
  6 iguanas
  7 hell rats (Lair:5)
  26 worker ants
  A hound zombie (D:7)
  A hound skeleton (D:9)
  A howler monkey zombie (D:10)
  A worker ant zombie (D:5)
  A howler monkey skeleton (D:8)
  4 gnolls (D:5)
  17 adders
  2 shadow imps
  20 oozes
  An adder skeleton (D:4)
  5 worms
  5 leopard geckos
  79 orcs
  8 giant cockroaches
  9 goblins
  15 hobgoblins
  17 jackals
  5 quokkas
  A ball python (D:2)
  6 bats
  5 frilled lizards
  16 kobolds
  3 leopard gecko skeletons
  6 rats
  A plant (Lair:3)
1700 creatures vanquished.

Vanquished Creatures (others)
  13 dancing weapons
  A wizard (Vaults:2)
  A deep elf mage (Elf:3)
  A wolf spider (Spider:4)
  A yaktaur (D:15)
  A wyvern (Volcano)
  A steam dragon (Volcano)
  3 humans (Swamp:2)
  A slave (D:4)
  2 orc wizards
  5 briar patches (Swamp:4)
  25 fungi
  46 plants
101 creatures vanquished.

Grand Total: 1801 creatures vanquished

Notes
Turn   | Place    | Note
-------+----------+-------------------------------------------
     0 | D:1      | namelastname112 the Draconian Assassin began the quest for
                  | the Orb.
     0 | D:1      | Reached XP level 1. HP: 17/17 MP: 1/1
   108 | D:1      | Reached skill level 1 in Dodging
   356 | D:1      | Reached XP level 2. HP: 22/25 MP: 2/2
   712 | D:2      | Reached XP level 3. HP: 8/30 MP: 3/3
  1471 | D:2      | Reached XP level 4. HP: 28/37 MP: 4/4
  1482 | D:2      | Found a radiant altar of Vehumet.
  1592 | D:2      | Found a shadowy altar of Dithmenos.
  1592 | D:2      | Found a blossoming altar of Fedhas.
  1604 | D:2      | Found a deep blue altar of Sif Muna.
  1604 | D:2      | Found a shattered altar of Ashenzari.
  1802 | D:2      | Found a runed door.
  1907 | D:2      | Noticed Crazy Yiuf
  1923 | D:2      | Killed Crazy Yiuf
  1923 | D:2      | Reached XP level 5. HP: 45/45 MP: 5/5
  2045 | D:3      | Found a sparkling altar of Nemelex Xobeh.
  2182 | D:3      | Found a basalt altar of Yredelemnul.
  2589 | D:3      | Noticed Grinder
  2602 | D:3      | Gained mutation: You are frail. (-10% HP) [potion of
                  | mutation]
  2602 | D:3      | Gained mutation: You possess an exceptional clarity of
                  | mind. [potion of mutation]
  2602 | D:3      | Gained mutation: You are resistant to hostile enchantments.
                  | (MR+) [potion of mutation]
  2602 | D:3      | Gained mutation: You are highly resistant to hostile
                  | enchantments. (MR++) [potion of mutation]
  2603 | D:3      | Lost mutation: You are frail. (-10% HP) [potion of
                  | mutation]
  2603 | D:3      | Gained mutation: Your body sometimes deteriorates upon
                  | taking damage. [potion of mutation]
  2603 | D:3      | Gained mutation: You have large cloven feet. [potion of
                  | mutation]
  2604 | D:3      | Lost mutation: You possess an exceptional clarity of mind.
                  | [potion of mutation]
  2604 | D:3      | Lost mutation: You are highly resistant to hostile
                  | enchantments. (MR++) [potion of mutation]
  2604 | D:3      | Gained mutation: You have hoof-like feet. [potion of
                  | mutation]
  2604 | D:3      | Gained mutation: You are agile. (Dex +2) [potion of
                  | mutation]
  2642 | D:3      | Killed Grinder
  2642 | D:3      | Reached skill level 5 in Stealth
  2642 | D:3      | Reached XP level 6. HP: 51/51 MP: 6/6
  2689 | D:4      | Noticed Pikel
  2689 | D:4      | Noticed a slave
  2689 | D:4      | Noticed a slave
  2689 | D:4      | Noticed a slave
  2689 | D:4      | Noticed a slave
  2709 | D:3      | Killed a slave
  2921 | D:4      | Found a staircase to the Ecumenical Temple.
  3103 | D:4      | Your scales start taking on a fiery red colour.
  3103 | D:4      | Reached XP level 7. HP: 58/58 MP: 7/7
  3103 | D:4      | Gained mutation: Your flesh is heat resistant. (rF+) [Red
                  | Draconian growth]
  3116 | Temple   | Entered the Ecumenical Temple
  3231 | Temple   | Became a worshipper of Gozag Ym Sagoz the Greedy
  3757 | D:4      | Killed Pikel
  3757 | D:4      | Reached skill level 5 in Short Blades
  3757 | D:4      | Reached XP level 8. HP: 67/67 MP: 8/8
  3943 | D:5      | Entered Level 5 of the Dungeon
  4208 | D:5      | Reached skill level 1 in Shields
  4286 | D:5      | Reached skill level 5 in Fighting
  4339 | D:5      | You fall through a shaft for 3 floors!
  4339 | D:8      | Noticed a two-headed ogre
  4357 | D:8      | Killed a two-headed ogre
  4357 | D:8      | Reached XP level 9. HP: 39/74 MP: 9/9
  4497 | D:8      | Found an ancient bone altar of Kikubaaqudgha.
  4497 | D:8      | Found a hazy altar of Hepliaklqana.
  4759 | D:7      | Noticed Joseph
  4768 | D:7      | Found a flagged portal.
  4847 | D:7      | Killed Joseph
  5477 | D:6      | Reached skill level 5 in Throwing
  5576 | D:6      | Found Noabb's Serpentskin Sales.
  5580 | D:6      | Reached XP level 10. HP: 69/83 MP: 10/10
  5909 | D:6      | Found Zuw Coz's Distillery.
  5913 | D:6      | Bought a potion of heal wounds for 75 gold pieces
  5913 | D:6      | Bought a potion of curing for 45 gold pieces
  5913 | D:6      | Lost mutation: Your body sometimes deteriorates upon taking
                  | damage. [potion of mutation]
  5913 | D:6      | Lost mutation: You are agile. (Dex +2) [potion of mutation]
  5913 | D:6      | Gained mutation: You have hooves in place of feet. [potion
                  | of mutation]
  5913 | D:6      | Gained mutation: Your spells are a little harder to cast,
                  | but a little more powerful. [potion of mutation]
  5913 | D:6      | Gained mutation: You have a pair of small horns on your
                  | head. [potion of mutation]
  6360 | D:5      | Found Seluis's Gadget Emporium.
  7180 | D:8      | Found a huge runed gate.
  7181 | D:8      | Found a huge runed gate.
  7181 | D:8      | Found a huge runed gate.
  7181 | D:8      | Found a huge runed gate.
  7432 | D:8      | Reached skill level 5 in Dodging
  7887 | D:8      | Reached XP level 11. HP: 82/92 MP: 11/11
  8083 | D:9      | Noticed a wizard
  8089 | D:9      | Killed a wizard
  8164 | D:9      | Reached skill level 10 in Stealth
  8730 | D:9      | Found a staircase to the Lair.
  8913 | D:10     | Entered Level 10 of the Dungeon
  8913 | D:10     | Noticed Josephine
  9029 | D:10     | Killed Josephine
  9503 | D:10     | Noticed Erolcha
  9543 | D:10     | Killed Erolcha
  9543 | D:10     | Reached skill level 10 in Short Blades
 10907 | D:12     | Noticed a two-headed ogre
 10926 | D:12     | Killed a two-headed ogre
 11113 | D:12     | Found a staircase to the Orcish Mines.
 11158 | D:12     | Noticed a green ugly thing
 11162 | D:12     | Killed a green ugly thing
 11239 | D:12     | Reached XP level 12. HP: 101/103 MP: 1/12
 11348 | D:12     | Found a roughly hewn altar of Beogh.
 11965 | D:12     | Noticed a two-headed ogre
 12025 | D:12     | Killed a two-headed ogre
 12315 | D:12     | Found a runed door.
 12318 | D:12     | Noticed namelastname112's ghost (journeyman DrAs)
 12608 | D:13     | Noticed a seven-headed hydra
 12781 | D:13     | Noticed an ogre mage
 13348 | D:13     | Noticed a two-headed ogre
 13365 | D:13     | Killed a two-headed ogre
 13751 | D:13     | Killed a seven-headed hydra
 14001 | D:13     | Killed an ogre mage
 14252 | D:13     | Reached XP level 13. HP: 51/113 MP: 13/13
 14434 | D:13     | Found a gate to the Vaults.
 14718 | D:13     | Identified a scroll of acquirement
 14748 | D:14     | Reached skill level 10 in Fighting
 14854 | D:14     | Found a labyrinth entrance.
 14863 | Lab      | Entered a labyrinth
 15005 | Lab      | Noticed a minotaur
 15033 | Lab      | Killed a minotaur
 15077 | Lab      | Identified the Compendium of Frigorific Clay
 15079 | Lab      | Got a transparent trident
 15079 | Lab      | Got a brightly glowing shield
 15080 | Lab      | Identified the +7 trident of the Philosopher {pierce, MR+
                  | SInv} (You found it in a labyrinth)
 15361 | D:14     | Found Wipeq's General Store.
 17217 | D:14     | Found the +12 glaive of Prune {chop}
 18173 | D:15     | Entered Level 15 of the Dungeon
 18940 | D:15     | Found Siah's Gadget Boutique.
 18943 | D:15     | Found a portal to a secret trove of treasure.
 18978 | D:15     | Reached XP level 14. HP: 100/124 MP: 14/14
 19557 | D:15     | Found a staircase to the Depths.
 19849 | Lair:1   | Entered Level 1 of the Lair of Beasts
 21988 | Lair:1   | Identified the +2 shield "Cotze" {rElec rCorr Str+6 Stlth-}
                  | (You found it in a labyrinth)
 22130 | Lair:2   | Reached skill level 10 in Throwing
 22465 | Lair:2   | Noticed Erica
 22477 | Lair:2   | Killed Erica
 22908 | Lair:3   | Found a staircase to the Swamp.
 23069 | Lair:3   | Reached skill level 10 in Dodging
 23275 | Lair:3   | Found a deep blue altar of Sif Muna.
 23788 | Swamp:1  | Entered Level 1 of the Swamp
 23801 | Lair:4   | Found a shimmering altar of Xom.
 24582 | Lair:3   | Reached XP level 15. HP: 108/133 MP: 15/15
 24820 | Lair:4   | Found a hole to the Spider Nest.
 25252 | Lair:5   | Found a shimmering altar of Xom.
 26213 | Lair:6   | Entered Level 6 of the Lair of Beasts
 26361 | Lair:6   | Found a viscous altar of Jiyva.
 26361 | Lair:6   | Found a staircase to the Slime Pits.
 26512 | Lair:6   | Found a dark tunnel.
 26517 | Volcano  | Entered a volcano
 30266 | Orc:1    | Entered Level 1 of the Orcish Mines
 30516 | Orc:2    | Entered Level 2 of the Orcish Mines
 30986 | Orc:2    | Found a staircase to the Elven Halls.
 31381 | Orc:2    | Reached XP level 16. HP: 144/144 MP: 16/16
 31576 | Orc:1    | Found a roughly hewn altar of Beogh.
 31659 | Orc:1    | Noticed Maurice
 31666 | Orc:1    | Killed Maurice
 31756 | Orc:1    | Found a roughly hewn altar of Beogh.
 33710 | Orc:2    | Found Guloz's Distillery.
 33710 | Orc:2    | Found Qunkekk's Distillery.
 33715 | Orc:2    | Found Gidghaliph's General Store.
 33715 | Orc:2    | Found Onkung's Gadget Boutique.
 33721 | Orc:2    | Bought a potion of heal wounds for 80 gold pieces
 33721 | Orc:2    | Bought a potion of curing for 48 gold pieces
 33726 | Orc:2    | Bought a potion of heal wounds for 70 gold pieces
 33833 | Elf:1    | Entered Level 1 of the Elven Halls
 33833 | Elf:1    | Noticed Frances
 33848 | Orc:2    | Bought the +2 cloak of the Thief {+Fog Slay-2 SInv Stlth+}
                  | for 804 gold pieces
 33848 | Orc:2    | Found the +2 cloak of the Thief {+Fog Slay-2 SInv Stlth+}
 33850 | Orc:2    | Bought a faintly glowing dagger for 217 gold pieces
 33850 | Orc:2    | Identified the +10 dagger of Amorality {pierce, Str+4} (You
                  | bought it in a shop on level 2 of the Orcish Mines)
 34301 | Orc:2    | Killed Frances
 34575 | Elf:1    | Noticed Azrael
 34600 | Elf:1    | Killed Azrael
 35158 | Elf:1    | Identified the Guide on Unholy Rituals
 35259 | Elf:1    | Found a runed gate.
 35260 | Elf:1    | Found a runed gate.
 35261 | Elf:1    | Found a runed gate.
 35262 | Elf:1    | Found an iron altar of Okawaru.
 35262 | Elf:1    | Noticed Tiewk's ghost (adept SpEn)
 36261 | Elf:1    | Killed Tiewk's ghost
 36927 | Elf:1    | Got a heavily runed hat
 36930 | Elf:1    | Got a smoking silver ring
 36940 | Elf:1    | Identified the +0 hat of Light {MP+9} (You found it on
                  | level 1 of the Elven Halls)
 36946 | Elf:1    | Identified the ring "Hohes" {rElec rF+ rC++ MR+ Int-5} (You
                  | found it on level 1 of the Elven Halls)
 37040 | Elf:2    | Found a frozen archway.
 37054 | IceCv    | Entered an ice cave
 38333 | IceCv    | Reached skill level 15 in Stealth
 38509 | IceCv    | Reached XP level 17. HP: 114/152 MP: 17/17
 39791 | Elf:2    | Reached skill level 15 in Short Blades
 40680 | Elf:2    | Found a huge runed gate.
 40680 | Elf:2    | Found a huge runed gate.
 40680 | Elf:2    | Found a huge runed gate.
 40683 | Elf:2    | Found a huge runed gate.
 40684 | Elf:2    | Found a huge runed gate.
 40901 | Elf:3    | Entered Level 3 of the Elven Halls
 41032 | Elf:3    | HP: 7/154 [deep elf mage/stone arrow (35)]
 42478 | Elf:3    | Reached skill level 15 in Fighting
 42498 | Elf:3    | Got a scorched rapier {antimagic}
 42567 | Elf:3    | Identified the +6 rapier of Radicalism {antimagic, rElec
                  | Str+4 Int-2 Dex+7} (You took it off a deep elf elementalist
                  | on level 3 of the Elven Halls)
 42670 | Elf:3    | Got a glittering bone ring
 42881 | Elf:3    | Noticed a deep elf blademaster
 43034 | Elf:3    | Killed a deep elf blademaster
 43373 | Elf:3    | Noticed a deep elf blademaster
 43391 | Elf:3    | Killed a deep elf blademaster
 43744 | Elf:3    | Reached XP level 18. HP: 159/163 MP: 9/18
 43782 | Elf:3    | Got a pitted amber ring
 44215 | Elf:3    | Got a transparent bronze ring
 44524 | Elf:3    | Identified Sonas's Catalogue of Combat Magic
 44531 | Elf:3    | Identified the Tome of Dark Arts
 44616 | Elf:3    | Identified the Handbook of Calling
 44732 | Elf:3    | Identified the ring "Ciohiff" {rElec rC+ Str+3 SInv} (You
                  | took it off a deep elf mage on level 3 of the Elven Halls)
 44737 | Elf:3    | Identified the ring of Luuddaq {MR+ Str+5} (You took it off
                  | a deep elf sorcerer on level 3 of the Elven Halls)
 44739 | Elf:3    | Identified the ring of the Magpie {rCorr rC+ Str+2 Int+5
                  | Dex-2} (You took it off a deep elf archer on level 3 of the
                  | Elven Halls)
 44740 | Elf:3    | Lost mutation: You have hooves in place of feet. [potion of
                  | mutation]
 44740 | Elf:3    | Lost mutation: You are resistant to hostile enchantments.
                  | (MR+) [potion of mutation]
 44740 | Elf:3    | Lost mutation: Your spells are a little harder to cast, but
                  | a little more powerful. [potion of mutation]
 44740 | Elf:3    | Gained mutation: You have supernaturally acute eyesight.
                  | (SInv) [potion of mutation]
 44740 | Elf:3    | Gained mutation: Your tail ends in a poisonous barb.
                  | [potion of mutation]
 44741 | Elf:3    | Lost mutation: You have a pair of small horns on your head.
                  | [potion of mutation]
 44741 | Elf:3    | Lost mutation: You have hoof-like feet. [potion of
                  | mutation]
 44741 | Elf:3    | Lost mutation: You have large cloven feet. [potion of
                  | mutation]
 44741 | Elf:3    | Lost mutation: Your tail ends in a poisonous barb. [potion
                  | of mutation]
 44741 | Elf:3    | Gained mutation: You are somewhat resistant to further
                  | mutation. [potion of mutation]
 44742 | Elf:3    | Lost mutation: You have supernaturally acute eyesight.
                  | (SInv) [potion of mutation]
 44743 | Elf:3    | Lost mutation: You are somewhat resistant to further
                  | mutation. [potion of mutation]
 44743 | Elf:3    | Gained mutation: Your mind is acute. (Int +2) [potion of
                  | mutation]
 44743 | Elf:3    | Gained mutation: You are agile. (Dex +2) [potion of
                  | mutation]
 44743 | Elf:3    | Gained mutation: Your spells are a little harder to cast,
                  | but a little more powerful. [potion of mutation]
 45824 | Swamp:2  | Noticed Kirke
 46037 | Swamp:2  | Killed Kirke
 46644 | Swamp:2  | Got a pair of shimmering gloves
 46648 | Swamp:2  | Identified the +2 pair of gloves "Suyjaudu" {rC+ MR- Str+6}
                  | (You found it on level 2 of the Swamp)
 47150 | Swamp:3  | Found a transporter.
 47159 | Swamp:3  | Found a transporter.
 47159 | Swamp:3  | Noticed nht's ghost (adept MiHu)
 47691 | Swamp:4  | Entered Level 4 of the Swamp
 49346 | Swamp:4  | Noticed the 27-headed Lernaean hydra
 49824 | Spider:1 | Entered Level 1 of the Spider Nest
 51177 | Spider:1 | Reached XP level 19. HP: 45/172 MP: 6/19
 52347 | Spider:1 | HP: 8/172 [poisoned by an emperor scorpion]
 55145 | Spider:2 | Bought a pair of scorched boots for 228 gold pieces
 55145 | Spider:2 | Identified the cursed +0 pair of boots of Abstinence
                  | {+Blink} (You bought it in a shop on level 2 of the Spider
                  | Nest)
 58068 | Spider:4 | Entered Level 4 of the Spider Nest
 59379 | Spider:4 | Reached skill level 5 in Shields
 60172 | Spider:4 | Got a gossamer rune of Zot
 61411 | Swamp:4  | Killed the 27-headed Lernaean hydra
 61411 | Swamp:4  | Reached XP level 20. HP: 156/183 MP: 6/20
 62008 | Swamp:4  | Got a decaying rune of Zot
 63481 | Vaults:1 | Entered Level 1 of the Vaults
 66573 | Vaults:1 | Bought the +12 Vampire's Tooth {vamp} for 900 gold pieces
 66573 | Vaults:1 | Found the +12 Vampire's Tooth {vamp}
 68911 | D:2      | Fell from the grace of Gozag
 68911 | D:2      | Became a worshipper of Dithmenos the Shadowed
 69681 | Vaults:2 | Reached skill level 15 in Throwing
 70440 | Vaults:2 | Reached skill level 15 in Dodging
 71201 | Vaults:2 | Reached * piety under Dithmenos
 72321 | Vaults:2 | Noticed Mara
 72558 | Vaults:3 | Found a glowing silver altar of Zin.
 72583 | Vaults:3 | Found a staircase to the Crypt.
 72622 | Vaults:2 | HP: 11/277 [vampire knight/battleaxe (36)]
 72627 | Vaults:2 | Slain by a vampire knight

Vault maps used:
D:1:      dpeg_arrival_houses_and_road
D:2:      vehumet_crystals, grunt_temple_overflow_cloverleaf, first_ration,
          uniq_crazy_yiuf_cottage
D:3:      nemelex_altar_shiori, nicolae_overflow_crystal_walls, uniq_grinder
D:4:      minmay_temple_entry_hall, kennysheep_generic_room_9, uniq_pikel
D:5:      serial_shops, shop_statue
D:6:      serial_shops, shop_statue, guppyfry_shop_venom
D:7:      enter_bailey_3, uniq_joseph
D:8:      lemuel_bear_cage, chequers_temple_overflow_statue_of_worship,
          hangedman_little_slice_of_home
D:9:      grunt_lair_entry_orc_guard_hut, lightli_wizard_tower
D:10:     uniq_josephine, uniq_erolcha
D:12:     minmay_orc_entry_temple_large, ebering_ghost_reflecting_pool
D:13:     david_vaults_2, grunt_potential
D:14:     lab_entry_generic, serial_shops, nicolae_shop_waterfront,
          moated_statue, minmay_guarded_unrand_prune
D:15:     grunt_enter_depths_snipers, enter_trove_3, serial_shops, shop,
          serial_park_tiny_2
Temple:   nicolae_temple_figure_eight
Lair:1:   wad_woods_minihive, serial_bayou_shore_b
Lair:2:   st_stairs_12, lemuel_fruit_tree, uniq_erica
Lair:3:   minmay_swamp_entry_reptiles, basic_altar, beast_lair_carwin_4,
          minmay_lair_oklob_chamber
Lair:4:   spider_nest_entry_webs, basic_altar
Lair:5:   lemuel_slime, basic_altar
Lair:6:   hangedman_lair_tendril_chambers, hangedman_lair_caniforms_friends,
          slime_altar_1, nicolae_volcano_entry_s_turn
Swamp:1:  evilmike_swamp_ruin_rubble_2, swamp_pool4
Swamp:2:  serial_swamp_ruin, evilmike_swamp_ruin_rubble_1,
          evilmike_swamp_ruin_wall, hangedman_swamp_ruin_hall, swamp_pool2,
          uniq_kirke
Swamp:3:  gammafunk_ghost_mausoleum, nicolae_swamp_fairy_circle, swamp_pool1
Swamp:4:  swamp_old_school, swamp_pool1
Spider:1: spiders_nest_scorpion_pit, minivault_29
Spider:2: nicolae_spider_circle_web, spider_trap
Spider:4: guppyfry_spider_rune
Orc:1:    orc_temple, mines2_david, uniq_maurice
Orc:2:    grunt_orc_tribal_feast
Elf:1:    elf_arrival_002, gammafunk_ghost_fury_of_okawaru,
          minmay_elf_necromancy, minmay_misc_feat_columns, uniq_azrael,
          uniq_frances
Elf:2:    portal_ice_cave_entry_ice_statue_one
Elf:3:    grunt_elf_hall_diamonds
Vaults:1: ontoclasm_vaults_hangar, st_lattice, nicolae_vaults_little_squares_1,
          ontoclasm_vaults_tryst, hangedman_vaults_stretched_pinwheel,
          dpeg_vaults_monster_box, grunt_vaults_hallway_short, v_misc_1,
          nicolae_vaults_stairing_the_circle, nicolae_vaults_back_hallway,
          grunt_vaults_funnel, grunt_vaults_swirl, vaults_room_door_hall,
          nicolae_vaults_diagonal_hallway_6, v_misc_17
Vaults:2: nicolae_vaults_three_branches, nicolae_vaults_big_angled_halls,
          v_alt_pattern_3, vaults_room_grunt_arrival_ludios,
          vaults_dpeg_diagonal, grunt_vaults_hallway_short,
          ontoclasm_vaults_bender, hangedman_vaults_snaps,
          hangedman_vaults_slice, vaults_dpeg_encased_lava, uniq_mara
Vaults:3: gammafunk_vaults_ghost_cemetery, v_rooms_4,
          hangedman_vaults_river_flow, minmay_crypt_entry_simple_statues,
          ontoclasm_vaults_chip, v_alt_pattern_1, v_alt_pattern_5,
          nicolae_vaults_know_your_exits, v_misc_3, vaults_room_door_hall,
          hangedman_vaults_corner_blocks, vaults_dpeg_doors, basic_altar
Lab:      labyrinth_hidden_loot
IceCv:    ice_cave_statue_garden_chambered
Volcano:  pf_volcano_lost_world

Skill      XL: |  1  2  3  4  5  6  7  8  9 10 11 12 13 14 15 16 17 18 19 20 |
---------------+-------------------------------------------------------------+-----
Dodging        | 1 2 3 4 5 6 8 9 10 11 12 13 14 15 | 15.0
Throwing       | 2 3 4 5 6 8 9 10 11 12 13 14 15 | 15.1
Stealth        | 4 5 6 7 8 9 10 11 12 13 14 15 16 17 | 17.6
Fighting       | 3 4 5 6 7 8 9 11 12 13 14 15 16 17 | 17.6
Short Blades   | 3 4 5 6 7 9 10 11 12 13 14 15 16 17 | 17.5
Shields        | 2 3 4 6 9 |  9.6

Action                   |  1- 3 |  4- 6 |  7- 9 | 10-12 | 13-15 | 16-18 | 19-21 || total
-------------------------+-------+-------+-------+-------+-------+-------+-------++-------
Melee: Dagger            |   160 |   241 |   376 |  1164 |  1056 |  1064 |  1266 ||  5327
       Tailslap          |    11 |    30 |    48 |   219 |   614 |   678 |   952 ||  2552
       Kick              |       |    20 |   143 |   495 |  1226 |   754 |       ||  2638
       Headbutt          |       |       |       |   294 |   755 |   458 |       ||  1507
       Unarmed           |       |       |       |    14 |       |       |       ||    14
       Short sword       |       |       |       |       |  1631 |   377 |       ||  2008
       Rapier            |       |       |       |       |       |  1239 |  1883 ||  3122
 Fire: Blowgun           |       |     7 |     4 |       |    10 |     1 |    29 ||    51
Throw: Javelin           |       |       |       |       |       |    15 |       ||    15
       Throwing net      |       |       |       |       |       |     2 |     2 ||     4
Invok: Call Merchant     |       |       |       |       |       |     8 |     3 ||    11
 Abil: Breathe Fire      |       |       |     4 |    17 |    28 |    31 |    28 ||   108
Evoke: Wand              |       |       |       |     2 |     6 |     6 |    10 ||    24
  Use: Scroll            |       |     5 |     7 |    13 |    15 |    26 |    10 ||    76
       Potion            |       |     3 |       |     6 |     2 |    23 |    17 ||    51
 Stab: Sleeping          |     8 |     8 |     5 |    29 |    37 |    52 |    28 ||   167
       Distracted        |       |       |     2 |     9 |    36 |    35 |    28 ||   110
       Confused          |       |       |       |       |       |     1 |       ||     1
       Held in net/web   |       |       |       |       |       |     5 |     2 ||     7
       Invisible         |       |       |       |       |       |       |     7 ||     7
  Eat: Chunk             |     2 |     5 |     4 |       |       |       |    12 ||    23
       Ration            |       |       |     1 |    11 |    18 |    20 |    18 ||    68
Armor: Skin              |    31 |    44 |    61 |   171 |   307 |   259 |   418 ||  1291
Dodge: Dodged            |    62 |   104 |   109 |   454 |  1439 |  1464 |  2627 ||  6259
Block: Buckler           |       |       |    50 |   284 |   731 |   619 |  1254 ||  2938

Table legend:
 A = Non-vault XP
 B = Vault XP
 C = Vault XP percentage of total XP
 D = Non-vault monster count
 E = Vault monster count
 F = Vault count percentage of total count
                 A         B        C        D         E       F
            +---------+---------+-------+---------+---------+-------
      Total |  327110 |  249318 |  43.3 |    1070 |     643 |  37.5
            +---------+---------+-------+---------+---------+-------
        D:1 |      22 |       0 |   0.0 |      15 |       0 |   0.0
        D:2 |     148 |      37 |  20.0 |      38 |       1 |   2.6
        D:3 |      71 |     258 |  78.4 |      24 |       1 |   4.0
        D:4 |     400 |     663 |  62.4 |      16 |       1 |   5.9
        D:5 |     835 |       0 |   0.0 |      31 |       0 |   0.0
        D:6 |     802 |     444 |  35.6 |      23 |       4 |  14.8
        D:7 |    1083 |     404 |  27.2 |      20 |       5 |  20.0
        D:8 |    1776 |    4429 |  71.4 |      14 |      27 |  65.9
        D:9 |    3232 |    1514 |  31.9 |      39 |      10 |  20.4
       D:10 |    1454 |    3198 |  68.7 |      19 |       8 |  29.6
       D:11 |     650 |     344 |  34.6 |      10 |       5 |  33.3
       D:12 |    7316 |     178 |   2.4 |      34 |       9 |  20.9
       D:13 |   10794 |    7272 |  40.3 |      40 |      17 |  29.8
       D:14 |    9738 |    5537 |  36.2 |      28 |       7 |  20.0
       D:15 |    8552 |    2326 |  21.4 |      24 |       3 |  11.1
     Lair:1 |    4347 |    5637 |  56.5 |      23 |      57 |  71.2
     Lair:2 |    1909 |    1438 |  43.0 |      11 |       3 |  21.4
     Lair:3 |    8196 |    3890 |  32.2 |      22 |      12 |  35.3
     Lair:4 |    4635 |    5112 |  52.4 |      21 |      14 |  40.0
     Lair:5 |    4221 |     545 |  11.4 |      24 |      19 |  44.2
     Lair:6 |    8892 |   21018 |  70.3 |      27 |      94 |  77.7
    Swamp:1 |    6938 |       0 |   0.0 |      16 |       0 |   0.0
    Swamp:2 |   12122 |    2315 |  16.0 |      28 |       3 |   9.7
    Swamp:3 |    2971 |     420 |  12.4 |       8 |       2 |  20.0
    Swamp:4 |   20855 |   18565 |  47.1 |      48 |      24 |  33.3
   Spider:1 |   16379 |   10389 |  38.8 |      39 |      53 |  57.6
   Spider:2 |   22924 |       0 |   0.0 |      55 |       0 |   0.0
   Spider:3 |   21116 |       0 |   0.0 |      59 |       0 |   0.0
   Spider:4 |   12656 |   24822 |  66.2 |      38 |      42 |  52.5
      Orc:1 |    3134 |    7652 |  70.9 |      30 |      38 |  55.9
      Orc:2 |    5036 |   11213 |  69.0 |      34 |      33 |  49.3
      Elf:1 |   18892 |   18125 |  49.0 |      29 |      22 |  43.1
      Elf:2 |   25396 |    3151 |  11.0 |      47 |       4 |   7.8
      Elf:3 |   21234 |   45162 |  68.0 |      34 |      30 |  46.9
   Vaults:1 |   36790 |   22277 |  37.7 |      69 |      30 |  30.3
   Vaults:2 |   21549 |    3364 |  13.5 |      32 |      12 |  27.3
   Vaults:3 |      45 |     372 |  89.2 |       1 |       1 |  50.0
        Lab |       0 |    1579 | 100.0 |       0 |       2 | 100.0
      IceCv |       0 |    7618 | 100.0 |       0 |      22 | 100.0
    Volcano |       0 |    8050 | 100.0 |       0 |      28 | 100.0
            +---------+---------+-------+---------+---------+-------
